 Dungeon Sprint DCSS version 0.29-a0-885-gb26ba3297d (webtiles) character file.

Game seed: 18315569660572609615

15186 mhtbhm the Bludgeoner (level 12, -11/86 HPs)
             Began as a Gargoyle Fighter on July 21, 2022.
             Was the Champion of Okawaru.
             Killed by divine providence
             ... invoked by an orc priest
              (13 damage)
             ... in the Dungeon (Sprint IX: "|||||||||||||||||||||||||||||").
             The game lasted 00:04:37 (2965 turns).

mhtbhm the Bludgeoner (Gargoyle Fighter)            Turns: 2965, Time: 00:04:38

Health: -11/86     AC: 37    Str: 27    XL:     12   Next: 24%
Magic:  22/22      EV: 10    Int: 10    God:    Okawaru [******]
Gold:   1127       SH:  7    Dex:  9    Spells: 11/11 levels left

rFire   . . .      SeeInvis .   a - +2 morningstar (protect)
rCold   . . .      Faith    .   c - +0 buckler
rNeg    + . .      Spirit   .   b - +1 chain mail
rPois   ∞          Reflect  .   (no helmet)
rElec   +          Harm     .   w - +0 cloak
rCorr   .          Rampage  .   m - +0 pair of gloves
Will    .....      NoTele   +   l - +1 pair of boots {Stlth+}
Stlth   ..........              (no amulet)
HPRegen 0.24/turn               n - +2 ring of protection
MPRegen 0.18/turn               o - +3 ring of strength

@: under a protective aura
A: sickness immunity, AC +8, negative energy resistance 1, electricity
resistance, torment resistance 1, petrification resistance
a: Renounce Religion, Heroism, Finesse


You were in the Dungeon.
You worshipped Okawaru.
Okawaru was exalted by your worship.
You visited 1 branch You collected 1127 gold pieces.

Inventory:

Hand Weapons
 a - a +2 morningstar of protection (weapon)
Armour
 b - a +1 chain mail (worn)
 c - a +0 buckler (worn)
 l - a +1 pair of boots of stealth (worn)
 m - a +0 pair of gloves (worn)
 w - a +0 cloak (worn)
Jewellery
 n - a +2 ring of protection (left hand)
 o - a +3 ring of strength (right hand)
Scrolls
 j - 3 scrolls of blinking
 k - 2 scrolls of amnesia
 r - a scroll of magic mapping
 t - 3 scrolls of fear
 u - 2 scrolls of enchant armour
 v - a scroll of fog
Potions
 d - a potion of might
 e - 2 potions of curing
 g - a potion of haste
 h - 4 potions of magic
 i - a potion of invisibility
 p - a potion of mutation
 q - a potion of berserk rage
Miscellaneous
 s - a piece from Xom's chessboard (15/15)


   Skills:
 + Level 14.5 Fighting
 + Level 16.9 Maces & Flails
 + Level 14.3 Armour
 + Level 4.2 Dodging
 + Level 3.8 Stealth
 + Level 13.0 Shields
 * Level 14.0 Invocations
 + Level 3.6 Evocations


You had 11 spell levels left.
You didn't know any spells.
Your spell library was empty.

Dungeon Overview and Level Annotations

Branches:
Dungeon (1/1)

Altars:
Cheibriados
Dithmenos
Elyvilon
Fedhas
Gozag
Hepliaklqana
Kikubaaqudgha
Makhleb
Nemelex Xobeh
Okawaru
Qazlal
Ru
Sif Muna
Trog
Uskayaw
Vehumet
Wu Jian
Xom
Yredelemnul
Zin
The Shining One
Jiyva
Lugonu

Shops:
D !:


Innate Abilities, Weirdness & Mutations

You are immune to sickness and miasma.
Your stone body is resilient. (AC +8)
You are immune to poison.
You resist negative energy. (rN+)
You are resistant to electric shocks. (rElec)
You are resistant to unholy torment.
You are immune to petrification.


Message History

The orc priest mumbles some strange prayers to Beogh against you.
Beogh smites you!
You impale the orc high priest!!
You kill the orc high priest!
Okawaru is honoured by your kill.
Your Shields skill increases to level 13!
Your Invocations skill increases to level 14!
An orc priest comes into view. It is wielding a +0 flail.
Found Zeutoud's Distillery.
The orc priest shouts!
The soul eater hits you!
The orc high priest utters an invocation to Beogh.
Things that are here:
a +0 flail; 50 gold pieces You hit the soul eater but do no damage.
You block the soul eater's attack.
The orc priest begins to cast a cantrip, but forgets the words!
The orc high priest calls down the wrath of Beogh upon you.
Beogh smites you!
* * * LOW HITPOINT WARNING * * *
You hit the soul eater but do no damage.
The soul eater hits you!
* * * LOW HITPOINT WARNING * * *
You hit the soul eater.
The soul eater is lightly wounded.
The soul eater misses you.
You thump the soul eater!
The soul eater is moderately wounded.
The orc priest casts a cantrip, but nothing happens.
Unknown command.
Unknown command.
You puncture the soul eater!
The soul eater is heavily wounded.
The soul eater hits you but does no damage.
The orc high priest invokes the aid of Beogh against you.
Beogh smites you!
* * * LOW HITPOINT WARNING * * *
The orc priest mumbles some strange prayers to Beogh against you.
Beogh smites you!
You die...

▓.▓.▓.▓.▓
▓.▓.▓.▓.▓o▓
▓[▓.▓.▓.▓o▓
▓[▓.▓.▓.▓4▓
▓.▓.▓.▓.▓o▓
▓)▓.▓.▓.▓o▓
▓.▓.▓.▓.▓o▓
▓.▓.▓.▓.▓3▓
▓'▓.▓'▓.▓@▓
▓_▓.▓.▓.▓)▓
▓_▓.▓.▓.▓.▓
▓_▓.▓.▓.▓.▓
▓_▓.▓.▓)▓.▓
▓_▓.▓.▓.▓.▓
▓_▓.▓.▓.▓.▓
▓_▓.▓.▓.▓.▓
▓_▓.▓†▓.▓.▓


You could see a soul eater (summoned), 2 orc high priests, an orange demon
(summoned) and 3 orc priests.

Vanquished Creatures
  2 hydras (D)
  A rakshasa (D)
  2 catoblepae (D)
  Erolcha (D)
  A centaur warrior (D)
  A two-headed ogre (D)
  2 death yaks (D)
  2 orc high priests (D)
  A lindwurm (D)
  2 orc knights (D)
  2 ugly things (D)
  An orc sorcerer (D)
  A manticore (D)
  2 black mambas (D)
  A gargoyle (D)
  An unseen horror (D)
  2 komodo dragons (D)
  A troll (D)
  A polar bear (D)
  A wraith (D)
  7 yaks (D)
  A vampire (D)
  A basilisk (D)
  Grum (D)
  3 water moccasins (D)
  A black bear (D)
  7 orc warriors (D)
  4 wolves (D)
  A bullfrog (D)
  A scorpion (D)
  A hound (D)
  3 orc priests (D)
  5 orc wizards (D)
  A hell rat (D)
  9 orcs (D)
  2 endoplasms (D)
  A kobold (D)
  A quokka (D)
  A ball python (D)
  A frilled lizard (D)
80 creatures vanquished.

Notes
Turn   | Place    | Note
-------+----------+-------------------------------------------
     0 | D        | mhtbhm the Gargoyle Fighter began the quest for the Orb.
     0 | D        | Reached XP level 1. HP: 14/14 MP: 1/1
    88 | D        | Noticed a hound
    88 | D        | Noticed a black bear
    88 | D        | Noticed a scorpion
    88 | D        | Noticed an orc wizard
    91 | D        | Killed an orc wizard
    92 | D        | Reached skill level 3 in Maces & Flails
    92 | D        | Reached XP level 2. HP: 20/20 MP: 2/2
    92 | D        | Reached XP level 3. HP: 24/24 MP: 3/3
    99 | D        | Killed a scorpion
   100 | D        | Reached skill level 5 in Fighting
   100 | D        | Reached skill level 4 in Maces & Flails
   100 | D        | Reached skill level 5 in Armour
   100 | D        | Reached skill level 5 in Shields
   100 | D        | Reached XP level 4. HP: 32/32 MP: 4/4
   106 | D        | Killed a black bear
   107 | D        | Reached skill level 5 in Maces & Flails
   107 | D        | Reached XP level 5. HP: 33/38 MP: 5/5
   138 | D        | Found a snail-covered altar of Cheibriados.
   138 | D        | Found a shadowy altar of Dithmenos.
   138 | D        | Found a white marble altar of Elyvilon.
   138 | D        | Found a blossoming altar of Fedhas.
   138 | D        | Found an opulent altar of Gozag.
   139 | D        | Found a hazy altar of Hepliaklqana.
   140 | D        | Found a viscous altar of Jiyva.
   141 | D        | Found an ancient bone altar of Kikubaaqudgha.
   142 | D        | Found a corrupted altar of Lugonu.
   143 | D        | Found a burning altar of Makhleb.
   144 | D        | Found a sparkling altar of Nemelex Xobeh.
   145 | D        | Found an iron altar of Okawaru.
   146 | D        | Found a stormy altar of Qazlal.
   147 | D        | Found a sacrificial altar of Ru.
   148 | D        | Found a shimmering blue altar of Sif Muna.
   149 | D        | Found a bloodstained altar of Trog.
   150 | D        | Found a hide-covered altar of Uskayaw.
   151 | D        | Found a radiant altar of Vehumet.
   152 | D        | Found an ornate altar of the Wu Jian Council.
   153 | D        | Became a worshipper of Warmaster Okawaru
   154 | D        | Found a shimmering altar of Xom.
   155 | D        | Found a basalt altar of Yredelemnul.
   156 | D        | Found a glowing silver altar of Zin.
   157 | D        | Found a glowing golden altar of the Shining One.
   204 | D        | Noticed a gargoyle
   204 | D        | Noticed a two-headed ogre
   204 | D        | Noticed a troll
   204 | D        | Noticed a wraith
   213 | D        | Killed a wraith
   214 | D        | Reached skill level 6 in Maces & Flails
   214 | D        | Reached skill level 1 in Dodging
   214 | D        | Reached XP level 6. HP: 32/44 MP: 5/8
   215 | D        | Killed an unseen horror
   215 | D        | Reached * piety under Okawaru
   216 | D        | Reached skill level 7 in Maces & Flails
   216 | D        | Reached skill level 1 in Evocations
   216 | D        | Reached XP level 7. HP: 37/50 MP: 5/10
   217 | D        | Killed a troll
   217 | D        | Reached ** piety under Okawaru
   218 | D        | Reached skill level 8 in Maces & Flails
   218 | D        | Reached skill level 5 in Invocations
   219 | D        | Killed a two-headed ogre
   220 | D        | Reached skill level 10 in Fighting
   220 | D        | Reached skill level 9 in Maces & Flails
   220 | D        | Reached skill level 10 in Armour
   220 | D        | Reached XP level 8. HP: 39/57 MP: 5/13
   224 | D        | Killed a gargoyle
   224 | D        | Reached *** piety under Okawaru
   225 | D        | Reached skill level 10 in Shields
   225 | D        | Reached XP level 9. HP: 28/63 MP: 6/14
   399 | D        | Noticed a brown ugly thing
   399 | D        | Noticed a rakshasa
   399 | D        | Noticed a centaur warrior
   399 | D        | Noticed a green ugly thing
   399 | D        | Noticed a manticore
   403 | D        | Killed a manticore
   404 | D        | Reached skill level 10 in Maces & Flails
   410 | D        | Killed a green ugly thing
   410 | D        | Reached **** piety under Okawaru
   418 | D        | Killed a centaur warrior
   418 | D        | Reached ***** piety under Okawaru
   419 | D        | Reached skill level 11 in Maces & Flails
   438 | D        | Killed a brown ugly thing
   438 | D        | Received a gift from Okawaru
   439 | D        | Reached XP level 10. HP: 29/70 MP: 15/17
   468 | D        | Killed a rakshasa
   469 | D        | Reached skill level 12 in Maces & Flails
   469 | D        | Reached skill level 10 in Invocations
   839 | D        | Noticed a black mamba
   857 | D        | Killed a black mamba
   860 | D        | Noticed a black mamba
   900 | D        | Reached skill level 13 in Maces & Flails
   901 | D        | Killed a black mamba
   992 | D        | Noticed a four-headed hydra
   992 | D        | Noticed a five-headed hydra
   999 | D        | Killed a five-headed hydra
  1007 | D        | Noticed a lindwurm
  1023 | D        | Reached XP level 11. HP: 61/76 MP: 19/19
  1027 | D        | Received a gift from Okawaru
  1034 | D        | Killed a four-headed hydra
  1035 | D        | Reached skill level 14 in Maces & Flails
  1047 | D        | Killed a lindwurm
  1275 | D        | Noticed a death yak
  1275 | D        | Noticed a catoblepas
  1275 | D        | Noticed a catoblepas
  1278 | D        | Noticed a death yak
  1286 | D        | Killed a catoblepas
  1607 | D        | Killed a catoblepas
  1608 | D        | Reached skill level 15 in Maces & Flails
  1615 | D        | Killed a death yak
  1615 | D        | Identified the +2 animal skin of Mumblety Peg {Rampage rC-
                  | Dex+3} (Okawaru gifted it to you in the Dungeon)
  1615 | D        | Received a gift from Okawaru
  1616 | D        | Reached skill level 1 in Stealth
  1627 | D        | Killed a death yak
  1632 | D        | Reached ****** piety under Okawaru
  1794 | D        | Noticed Grum
  1806 | D        | Killed Grum
  1874 | D        | Noticed Erolcha
  1890 | D        | Killed Erolcha
  1891 | D        | Reached skill level 16 in Maces & Flails
  2074 | D        | Noticed an orc knight
  2074 | D        | Noticed an orc high priest
  2074 | D        | Noticed an orc knight
  2085 | D        | Noticed an orc sorcerer
  2094 | D        | Noticed a sun demon
  2389 | D        | Killed an orc knight
  2390 | D        | Noticed a sun demon
  2398 | D        | Killed an orc high priest
  2399 | D        | Reached XP level 12. HP: 35/85 MP: 22/22
  2837 | D        | Noticed a sun demon
  2946 | D        | Found Patunura's Book Boutique.
  2946 | D        | Noticed an orc high priest
  2946 | D        | Noticed an orc high priest
  2946 | D        | Noticed an orc high priest
  2947 | D        | Noticed a soul eater
  2959 | D        | Killed an orc high priest
  2960 | D        | Found Zeutoud's Distillery.
  2965 | D        | HP: 2/86 [orc high priest/divine providence (12)]
  2965 | D        | Killed from afar by an orc priest

Illustrated notes

Levels and vault maps discovered:
D:        linesprint [early_d, line_temple, items_1, d_10, items_2, lair_1,
          lair_end, items_3, orc_1, orc_end, items_4, d_15, swamp_1, shoals_1,
          snake_1, spider_1, d_20, vaults_1, items_5, swamp_end, shoals_end,
          snake_end, spider_end, vaults_end, d_27, items_6, zot_1, zot_end,
          crypt_end, forest_end, elf_end, slime_end, tomb_end, abyss_end,
          pan_hell_end]

Skill      XL: |  1  2  3  4  5  6  7  8  9 10 11 12 |
---------------+-------------------------------------+-----
Fighting       | 4 5 7 8 10 11 12 14 | 14.5
Maces & Flails | 3 4 5 6 7 9 11 13 16 | 16.9
Armour         | 4 5 7 8 9 10 11 13 14 | 14.3
Shields        | 4 5 7 8 9 10 11 12 13 | 13.0
Dodging        | 1 2 3 4 |  4.2
Invocations    | 3 4 7 9 11 13 14 | 14.0
Evocations     | 1 2 3 |  3.6
Stealth        | 3 |  3.8

Action                   |  1- 3 |  4- 6 |  7- 9 | 10-12 || total
-------------------------+-------+-------+-------+-------++-------
Melee: Flail             |    19 |    12 |       |       ||    31
       Morningstar       |       |     7 |    37 |   352 ||   396
Evoke: Wand              |       |     3 |     7 |       ||    10
       Piece from Xom's  |       |       |       |     1 ||     1
  Use: Potion            |     1 |       |     2 |     8 ||    11
       Scroll            |       |       |       |     1 ||     1
 Stab: Petrified         |       |       |       |     4 ||     4
       Petrifying        |       |       |       |     1 ||     1
Armor: Scale mail        |     6 |    14 |       |       ||    20
       Chain mail        |       |     6 |    38 |   154 ||   198
Dodge: Dodged            |     6 |    11 |    15 |    75 ||   107
Block: Buckler           |     2 |    12 |    14 |    73 ||   101

Table legend: (Time is in decaauts)
 A = Elapsed time spent in this place.
 B = Non-inter-level travel time spent in this place.
 C = Inter-level travel time spent in this place.
 D = Time resting spent in this place.
 E = Time spent auto-exploring this place.
 F = Levels seen in this place.
 G = Mean time per level.
                   A        B        C        D        E       F      G
               +--------+--------+--------+--------+--------+-----+--------+
         Total |   2892 |   2892 |      0 |   1029 |    910 |   1 | 2892.0 |
       Dungeon |   2892 |   2892 |      0 |   1029 |    910 |   1 | 2892.0 |
               +--------+--------+--------+--------+--------+-----+--------+

Top non-repeatable levels by time:
       D: 2892 daAuts
